 Dungeon Crawl Stone Soup version 0.18-a0-1669-g6846071 (webtiles) character file.

138 xandermoraine the Grasshopper (level 5, -3/44 HPs)
             Began as a Draconian Warper on Apr 1, 2016.
             Slain by a giant frog zombie (5 damage)
             ... on level 5 of the Dungeon.
             The game lasted 00:23:36 (1992 turns).

xandermoraine the Grasshopper (Draconian Warper)    Turns: 1992, Time: 00:23:36

Health: -3/44      AC:  8    Str: 13    XL:     5   Next: 1%
Magic:  0/8        EV: 12    Int: 15    God:
Gold:   141        SH:  0    Dex: 10    Spells: 3 memorised, 3 levels left

rFire  . . .     SeeInvis .     e - +3 short sword
rCold  . . .     Gourm    .     (armour unavailable)
rNeg   . . .     Faith    .     (no shield)
rPois  .         Spirit   .     (helmet restricted)
rElec  .         Dismiss  .     (no cloak)
rCorr  .         Reflect  .     s - +2 pair of gloves
SustAt .         Harm     .     (no boots)
MR     .....                    r - amulet of rage
Stlth  +.........               (no ring)
                                (no ring)

@: not resistant to hostile enchantments, very unstealthy
A: unfitting armour, cold-blooded, AC +5
a: Evoke Berserk Rage


You were on level 5 of the Dungeon.
You were hungry.

You visited 1 branch of the dungeon, and saw 5 of its levels.

You collected 141 gold pieces.

Inventory:

Hand Weapons
 a - a +0 hand axe
 e - a +3 short sword (weapon)
Missiles
 d - 3 tomahawks of dispersal (quivered)
 n - 11 tomahawks
Armour
 s - a +2 pair of gloves (worn)
Jewellery
 r - an amulet of rage (around neck)
Scrolls
 g - a scroll of identify
 l - a scroll of fear
Books
 b - a book of Spatial Translocations

   Spells                             Type                      Level
   a - Apportation                    Translocation                1
   b - Blink                          Translocation                2
   c - Shroud of Golubria             Charms/Translocation         2
   d - Portal Projectile              Translocation                3
   e - Teleport Other                 Translocation                3
   f - Passage of Golubria            Translocation                4
Comestibles
 c - 3 fruits
 f - 2 bread rations
 i - 2 meat rations


   Skills:
 + Level 2.8 Fighting
 + Level 0.8 Short Blades
 + Level 2.1 Axes
 + Level 1.1 Throwing
 + Level 3.1 Dodging
 + Level 0.2 Stealth
 + Level 2.5 Spellcasting
 + Level 4.0 Translocations


You had 3 spell levels left.
You knew the following spells:

 Your Spells              Type           Power        Failure   Level  Hunger
a - Apportation           Tloc           ##........   4%          1    #......
b - Blink                 Tloc           N/A          8%          2    ###....
c - Teleport Other        Tloc           ##......     14%         3    ###....


Dungeon Overview and Level Annotations

Branches:
Dungeon (5/15)
 Temple: D:4-7

Altars:
Cheibriados


Innate Abilities, Weirdness & Mutations

Your plain brown scales are hard (AC +5).
Your body does not fit into most forms of armour.
You are cold-blooded and may be slowed by cold attacks.


Message History

* * * LOW HITPOINT WARNING * * *
The crimson imp blinks!
The giant frog zombie hits you but does no damage.
You hit the orc wizard. You tail-slap the orc wizard.
The orc wizard is heavily wounded.
Something hits you but does no damage. The orc wizard closely misses you.
The giant frog zombie closely misses you.
Something hits you.
* * * LOW HITPOINT WARNING * * *
You barely miss the orc wizard.
The orc wizard is heavily wounded.
The giant frog zombie hits you but does no damage.
The orc wizard closely misses you. Something hits you.
* * * LOW HITPOINT WARNING * * *
Casting: Blink
Confirm with . or Enter, or press ? or * to list all spells.
You blink.
Your magical contamination has completely faded away.
The giant frog zombie hits you.
You die...

........# #.#
........###5#######
...................
........#....?...$.
...................
........#..........
.............######
........####...#############
......... ##...@Z5o.......#
......... ######....)....#
.......... ##........#
#....... ##########


You could see an orc wizard, a crimson imp and a giant frog zombie.

Vanquished Creatures
  2 adders
  3 gnolls (D:2)
  An ooze (D:1)
  2 giant geckos
  8 orcs
  A ball python (D:2)
  2 giant cockroaches (D:3)
  7 goblins
  2 hobgoblins
  5 jackals (D:1)
  6 kobolds
  A bat (D:3)
  A jackal skeleton (D:4)
  2 rats
43 creatures vanquished.

Vanquished Creatures (others)
  A howler monkey (D:5)
1 creature vanquished.

Grand Total: 44 creatures vanquished

Notes
Turn   | Place    | Note
--------------------------------------------------------------
     0 | D:1      | xandermoraine the Draconian Warper began the quest for the Orb.
     0 | D:1      | Reached XP level 1. HP: 17/17 MP: 3/3
   148 | D:1      | Reached XP level 2. HP: 25/25 MP: 3/5
   169 | D:1      | Learned a level 2 spell: Blink
   571 | D:2      | Reached XP level 3. HP: 30/30 MP: 6/6
  1006 | D:2      | Learned a level 3 spell: Teleport Other
  1179 | D:3      | Reached skill level 1 in Throwing
  1179 | D:3      | Reached XP level 4. HP: 34/37 MP: 7/7
  1298 | D:3      | Found a snail-covered altar of Cheibriados.
  1499 | D:4      | Noticed an ogre
  1558 | D:4      | HP: 1/37 [poisoned by a worker ant]
  1564 | D:4      | HP: 1/37 [poisoned by a worker ant]
  1593 | D:5      | Entered Level 5 of the Dungeon
  1943 | D:5      | Reached skill level 4 in Translocations
  1984 | D:5      | Reached XP level 5. HP: 11/44 MP: 1/8
  1988 | D:5      | HP: 2/44 [something (3)]
  1992 | D:5      | Slain by a giant frog zombie

Vault maps used:
D:1:      minmay_arrival_four_loops, serial_forest, infiniplex_forest_clump_C,
          infiniplex_forest_corner_1, infiniplex_forest_end_2,
          infiniplex_forest_clump_cross, infiniplex_forest_clump_C,
          infiniplex_forest_clump_long, infiniplex_forest_lined_2,
          infiniplex_forest_clump_small
D:2:      uniq_sigmund
D:3:      overflow_temple_1_default, gammafunk_temple_overflow_wave
D:5:      kennysheep_mini, lemuel_blue_sif_altar, first_bread

Skill      XL: |  1  2  3  4 |
---------------+-------------+-----
Throwing       | 1 |  1.1
Dodging        | 3 |  3.1
Translocations | 4 |  4.0
Fighting       | |  2.8
Short Blades   | |  0.8
Axes           | |  2.1
Stealth        | |  0.2
Spellcasting   | |  2.5

Action                   |  1- 3 |  4- 6 || total
-------------------------+-------+-------++-------
Melee: Short sword       |    83 |    77 ||   160
Throw: Tomahawk          |     2 |       ||     2
 Cast: Apportation       |     4 |     1 ||     5
       Blink             |     3 |     5 ||     8
       Teleport Other    |       |     4 ||     4
  Use: Scroll            |       |     7 ||     7
       Potion            |       |     3 ||     3
  Eat: Bread ration      |     1 |       ||     1
